 Seeded DCSS version 0.31-a0-84-gb28f313 (webtiles) character file.

Game seed: 1895464113863016867 (custom seed)

354 Minorbread the Insei (level 6, 0/47 HPs)
             Began as a Gnoll Transmuter on May 24, 2023.
             Slain by an orc
             ... wielding a +0 dagger
              (4 damage)
             ... on level 4 of the Dungeon.
             The game lasted 00:05:08 (2670 turns).

Minorbread the Insei (Gnoll Transmuter)             Turns: 2670, Time: 00:05:08

Health: 0/47       AC:  3    Str:  9    XL:     6   Next: 63%
Magic:  14/14      EV: 13    Int: 20    God:
Gold:   128        SH:  0    Dex: 13    Spells: 14/15 levels left

rFire   . .          .
                       - Unarmed
rCold   . . .        (no shield)
rNeg    . . .        a - +0 robe
rPois   .            (helmet currently unavailable)
rElec   .            j - +0 cloak
rCorr   .            (no gloves)
SInv    .            (boots currently unavailable)
Will    .....        (no amulet)
Stlth   ++           h - +6 ring of intelligence
HPRegen 0.27/turn    (no ring)
MPRegen 0.14/turn

%: no passive effects
@: appendages
A: horns 2, talons 2, fangs 1, strong nose, distributed training
a: End Transformation


You were on level 4 of the Dungeon.
You had temporarily grown beastly horns and talons.
You visited 1 branch of the dungeon, and saw 4 of its levels.

You collected 128 gold pieces.

Inventory:

Armour
 a - a +0 robe (worn)
 j - a +0 cloak (worn)
Jewellery
 h - a +6 ring of intelligence (left hand)
Scrolls
 d - 2 scrolls of identify {unknown}
 e - 2 scrolls of teleportation {unknown}
 f - a scroll of silence {unknown}
 i - a scroll of noise {unknown}
 k - a scroll of blinking {unknown}
Potions
 b - 2 potions of lignification
 c - a potion of attraction {unknown}
 g - 3 potions of enlightenment {unknown}
 l - 2 potions of heal wounds {unknown}


   Skills:
 + Level 3.3 Fighting
 + Level 2.1 Short Blades
 + Level 2.1 Long Blades
 + Level 2.1 Axes
 + Level 2.1 Maces & Flails
 + Level 2.1 Polearms
 + Level 2.1 Staves
 + Level 2.1 Ranged Weapons
 + Level 2.1 Throwing
 + Level 2.1 Armour
 + Level 5.0 Dodging
 + Level 2.1 Stealth
 + Level 2.1 Shields
 + Level 6.9 Unarmed Combat
 + Level 5.4 Spellcasting
 + Level 1.7 Conjurations
 + Level 1.7 Hexes
 + Level 1.7 Summonings
 + Level 1.7 Necromancy
 + Level 1.7 Translocations
 + Level 4.2 Transmutations
 + Level 1.7 Fire Magic
 + Level 1.7 Ice Magic
 + Level 1.7 Air Magic
 + Level 1.7 Earth Magic
 + Level 1.7 Poison Magic
 + Level 2.3 Invocations
 + Level 2.1 Evocations


You had 14 spell levels left.
You knew the following spells:

 Your Spells              Type           Power      Damage    Failure   Level
a - Beastly Appendage     Tmut           44%        N/A       1%          1

Your spell library contained the following spells:

 Spells                   Type           Power      Damage    Failure   Level
 Wereblood                Tmut           22%        N/A       3%          2
 Sublimation of Blood     Necr           12%        N/A       9%          2
 Spider Form              Tmut/Pois      14%        N/A       13%         3
 Tukima's Dance           Hex            12%        N/A       16%         3
 Portal Projectile        Hex/Tloc       18%        N/A       22%         3
 Ice Form                 Ice/Tmut       14%        N/A       41%         4
 Blade Hands              Tmut           11%        N/A       50%         5
 Summon Hydra             Summ           6%         N/A       100%        7


Dungeon Overview and Level Annotations

Branches:
Dungeon (4/15)
 Temple: D:4-7

Altars:

Annotations:
D:2 1 runed translucent door, Crazy Yiuf


Innate Abilities, Weirdness & Mutations

You have temporarily grown beastly horns and talons.
You have very sharp teeth.
Your uncanny sense of smell can sniff out nearby items.
Your experience applies equally to all skills.


Message History

The iguana closely misses you.
You hit the iguana. You claw the iguana.
You kill the iguana!
The orc closely misses you.
Things that are here:
a +0 scythe; a +0 robe You hit the orc wizard.
Your punch misses the orc wizard.
The orc wizard is moderately wounded.
The orc wizard hits you with a +0 dagger.
The orc hits you with a +0 dagger.
You closely miss the orc wizard. Your bite misses the orc wizard.
The orc wizard is moderately wounded.
The orc wizard hits you with a +0 dagger.
A hobgoblin comes into view.
The orc hits you with a +0 dagger.
* * * LOW HITPOINT WARNING * * *
You barely miss the orc wizard. You claw the orc wizard.
You headbutt the orc wizard.
The orc wizard is almost dead.
You closely miss the orc wizard.
You claw the orc wizard, but do no damage.
The orc wizard is almost dead.
The orc wizard points at you and mumbles some strange words.
The magic dart hits you.
* * * LOW HITPOINT WARNING * * *
The orc hits you with a +0 dagger.
* * * LOW HITPOINT WARNING * * *
You closely miss the orc wizard. Your kick misses the orc wizard.
You headbutt the orc wizard.
The orc wizard is almost dead.
The orc wizard hits you with a +0 dagger.
* * * LOW HITPOINT WARNING * * *
The orc hits you with a +0 dagger.
* * * LOW HITPOINT WARNING * * *
You hit the orc wizard but do no damage.
The orc wizard is almost dead.
The orc wizard hits you with a +0 dagger.
* * * LOW HITPOINT WARNING * * *
The orc hits you with a +0 dagger.
You die...

#########........##
#.......#..........
#.#####.#..........
#.......#....(...#
#..#...........#.#.
#####..#.##..>...#.....
...................###.
#####..........†..##
##@###.....<.##
#oo........##
#o#####....# .g# ##.#.#
..# #.#.# ...# #.#.#
.... . #.. ..... # ###


You could see an orc priest, an orc wizard, an orc and a hobgoblin.

Vanquished Creatures
  Sigmund (D:4)
  A water moccasin (D:4)
  An iguana (D:4)
  2 worms (D:2)
  A dart slug (D:1)
  4 endoplasms
  3 giant cockroaches
  10 hobgoblins
  4 jackals (D:2)
  8 kobolds
  4 quokkas
  6 ball pythons
  5 bats
  5 frilled lizards
  3 goblins
  6 rats
64 creatures vanquished.

Notes
Turn   | Place    | Note
-------+----------+-------------------------------------------
     0 | D:1      | Minorbread the Gnoll Transmuter began the quest for the
                  | Orb.
     0 | D:1      | Reached XP level 1. HP: 17/17 MP: 6/6
    60 | D:1      | Reached XP level 2. HP: 23/23 MP: 5/7
   740 | D:1      | Reached skill level 5 in Spellcasting
   740 | D:1      | Reached XP level 3. HP: 28/28 MP: 7/9
  1068 | D:2      | Reached skill level 1 in Invocations
  1389 | D:2      | Reached skill level 1 in Short Blades
  1389 | D:2      | Reached skill level 1 in Long Blades
  1389 | D:2      | Reached skill level 1 in Axes
  1389 | D:2      | Reached skill level 1 in Maces & Flails
  1389 | D:2      | Reached skill level 1 in Polearms
  1389 | D:2      | Reached skill level 1 in Staves
  1389 | D:2      | Reached skill level 1 in Ranged Weapons
  1389 | D:2      | Reached skill level 1 in Throwing
  1389 | D:2      | Reached skill level 1 in Armour
  1389 | D:2      | Reached skill level 1 in Stealth
  1389 | D:2      | Reached skill level 1 in Shields
  1389 | D:2      | Reached skill level 1 in Evocations
  1646 | D:2      | Reached XP level 4. HP: 34/34 MP: 9/11
  1683 | D:2      | Found a runed translucent door.
  1684 | D:2      | Noticed Crazy Yiuf
  1896 | D:3      | Found a faded altar of an unknown god.
  2568 | D:4      | Noticed a water moccasin
  2579 | D:4      | Killed a water moccasin
  2580 | D:4      | Reached skill level 1 in Conjurations
  2580 | D:4      | Reached skill level 1 in Hexes
  2580 | D:4      | Reached skill level 1 in Summonings
  2580 | D:4      | Reached skill level 1 in Necromancy
  2580 | D:4      | Reached skill level 1 in Translocations
  2580 | D:4      | Reached skill level 1 in Fire Magic
  2580 | D:4      | Reached skill level 1 in Ice Magic
  2580 | D:4      | Reached skill level 1 in Air Magic
  2580 | D:4      | Reached skill level 1 in Earth Magic
  2580 | D:4      | Reached skill level 1 in Poison Magic
  2580 | D:4      | Reached XP level 5. HP: 28/41 MP: 12/12
  2645 | D:4      | Noticed Sigmund
  2652 | D:4      | Killed Sigmund
  2653 | D:4      | Reached skill level 5 in Dodging
  2653 | D:4      | Reached XP level 6. HP: 38/47 MP: 12/14
  2670 | D:4      | Slain by an orc

Illustrated notes

Levels and vault maps discovered:
D:1:      lightli_arrival_noodles, layout_basic
D:2:      layout_basic, uniq_crazy_yiuf_cottage
D:3:      layout_rooms, hellmonk_ecumenical_altar_zigzags, nicolae_eternal_life,
          minmay_misc_feat_five, minmay_hedge_maze
D:4:      layout_loops_cross, uniq_ijyb, uniq_blork_the_orc, uniq_sigmund

Skill      XL: |  1  2  3  4  5 |
---------------+----------------+-----
Spellcasting   | 5 |  5.4
Invocations    | 1 2 |  2.3
Short Blades   | 1 2 |  2.1
Long Blades    | 1 2 |  2.1
Axes           | 1 2 |  2.1
Maces & Flails | 1 2 |  2.1
Polearms       | 1 2 |  2.1
Staves         | 1 2 |  2.1
Ranged Weapons | 1 2 |  2.1
Throwing       | 1 2 |  2.1
Armour         | 1 2 |  2.1
Stealth        | 1 2 |  2.1
Shields        | 1 2 |  2.1
Evocations     | 1 2 |  2.1
Fighting       | 3 |  3.3
Conjurations   | 1 |  1.7
Hexes          | 1 |  1.7
Summonings     | 1 |  1.7
Necromancy     | 1 |  1.7
Translocations | 1 |  1.7
Transmutations | 4 |  4.2
Fire Magic     | 1 |  1.7
Ice Magic      | 1 |  1.7
Air Magic      | 1 |  1.7
Earth Magic    | 1 |  1.7
Poison Magic   | 1 |  1.7
Dodging        | 5 |  5.0
Unarmed Combat | |  6.9

Action                     |  1- 3 |  4- 6 || total
---------------------------+-------+-------++-------
  Melee: Unarmed           |    92 |    64 ||   156
         Kick              |    14 |    19 ||    33
         Headbutt          |     9 |     9 ||    18
         Bite              |     9 |     5 ||    14
         Punch             |     2 |       ||     2
   Cast: Beastly Appendage |    23 |    11 ||    34
   Stab: Sleeping          |     1 |     2 ||     3
 Armour: Robe              |    19 |     9 ||    28
  Dodge: Dodged            |    65 |    28 ||    93

Table legend: (Time is in decaauts)
 A = Elapsed time spent in this place.
 B = Non-inter-level travel time spent in this place.
 C = Inter-level travel time spent in this place.
 D = Time resting spent in this place.
 E = Time spent auto-exploring this place.
 F = Levels seen in this place.
 G = Mean time per level.
                   A        B        C        D        E       F      G
               +--------+--------+--------+--------+--------+-----+--------+
         Total |   2649 |   2526 |    123 |      0 |   2146 |   4 |  662.2 |
       Dungeon |   2649 |   2526 |    123 |      0 |   2146 |   4 |  662.2 |
               +--------+--------+--------+--------+--------+-----+--------+

Top non-repeatable levels by time:
     D:1: 1007 daAuts
     D:2: 839 daAuts
     D:3: 705 daAuts
     D:4: 97 daAuts
